woodfighter, chaotic female elven Rogue -------------- |............| |............| |............| |............| ------------- |.......<....| |`.........`| ---.---------- +.....`.....-####### ## |...-----...| # # |...|.{.|)..| #%############ |..`.{@ |`..| # + | |.@.| |[..| | |.Y.-----...| |.....`.....| |`.........`| ------------- woodfighter the Rogue Experience level: 6 Strength: 14 Dexterity: 19 Constitution: 16 Intelligence: 9 Wisdom: 9 Charisma: 9 Health: 0(50) Energy: 30(30) Def: 9 Gold: 28 Moves: 3646 Dungeon seed: 9pgtpYEox4CXznxC Game ID: woodfighter_1511298860 Your Inventory: Coins $ - 28 gold pieces Weapons a - a +0 elven short sword (weapon in hand) b - 13 +0 elven daggers (in quiver) l - 2 +0 elven daggers Armor d - an uncursed +0 pair of jumping boots (being worn) q - an uncursed +2 orcish helm (being worn) r - an uncursed +0 Hawaiian shirt z - an uncursed +0 elven mithril-coat (being worn) N - a cursed -2 pair of fumble boots Y - a cursed -4 pair of levitation boots Comestibles j - 2 uncursed lichen corpses w - 3 uncursed tripe rations Scrolls m - an uncursed scroll of taming Potions k - a blessed potion of sleeping o - 2 uncursed potions of hallucination p - a cursed potion of hallucination Wands h - a wand of opening (0:3) i - a blessed wand of fire (0:6) Tools g - an uncursed blindfold y - an uncursed lock pick Spells and supernatural/magical abilities: Name Level Category Fail Memory W - pray for help -- divine ? -- Y - supernatural jump -- ability ? -- Your skills at the end: Miscellaneous Skills wands [Basic] Weapon Skills dagger [Basic] short sword [Basic] Spellcasting Skills Final Attributes: You were piously aligned. You were sleep resistant. You had infravision. You were stealthy. You could jump. You are dead. Vanquished creatures: a large mimic a plains centaur a gnome mummy a shrieker a ghoul a puppy 2 kittens 3 kobold lords an iguana a rothe a centipede a jitterbug a giant bat 5 orc zombies 3 dwarf zombies a gas spore 2 hobbits a large kobold 4 geckos 2 hobgoblins 3 cave spiders 2 yellow molds a gnome zombie 10 jackals 2 kobolds 3 newts 3 goblins 2 sewer rats 5 grid bugs 2 bats 7 lichens 74 creatures vanquished. Voluntary challenges: You did not adorn yourself with jewelry or accessories. You did not cause conflict. You were not invisible. You did not have reflection. You were not displaced. You used a wielded weapon 114 times, starting on turn 75. You did not apply a unicorn horn. You did not use plumbed fixtures. You did not drink any magical draughts. You were illiterate. You never genocided any monsters. You never polymorphed an object. You never changed form. You used no wishes. You never split a pudding. You never wrote Elbereth's name. You never violated your personal moral code. Dungeon overview: The Dungeons of Doom: levels 1 to 8 Level 1 a sink a long staircase Level 2 an armor shop, a fountain Level 3 a delicatessen, an altar to Mog stairs to The Gnomish Mines Level 4 some fountains Level 5 a fountain Level 6 Level 7 a fountain Level 8 <- You were here some fountains The Gnomish Mines: Level 4 stairs to The Dungeons of Doom History has recorded: On T:1 you entered the Dungeons of Doom to retrieve the Amulet of Yendor! On T:191 you reached level 2 of The Dungeons of Doom. On T:672 you reached level 3 of The Dungeons of Doom. On T:757 you advanced to experience level 2. On T:964 you reached level 4 of The Dungeons of Doom. On T:987 you reached level 1 of The Gnomish Mines. On T:1033 you prayed to Kos. On T:1036 you advanced to experience level 3. On T:1082 you advanced to experience level 4. On T:1383 you prayed to Kos. On T:1523 you reached level 5 of The Dungeons of Doom. On T:1770 you reached level 6 of The Dungeons of Doom. On T:2439 you reached level 7 of The Dungeons of Doom. On T:2491 you advanced to experience level 5. On T:3353 you reached level 8 of The Dungeons of Doom. On T:3390 you advanced to experience level 6. Score breakdown: Gold: 28 ( 2 points) Experience: 6 levels ( 500 points) Exploration: 8 levels ( 210 points) Discoveries: 10 items ( 500 points) Variety of kills: 31 monsters ( 1550 points) Major goal: (nothing yet) ( 0 points) Survival: died (score multiplied by 3) Total score: 8286 Latest messages: Your movements are slowed slightly because of your load. You drop an uncursed sack. Your movements are now unencumbered. You stab the yeti! The yeti claws you! The yeti just misses! The yeti misses. The yeti claws you! (2x) The yeti bites! You are beginning to feel hungry. You stab the yeti. The yeti claws you! The yeti misses. (2x) You stab the yeti! The yeti misses. The yeti claws you! The yeti misses. You stab the yeti. The yeti claws you! (2x) The yeti bites! You stab the yeti. The yeti just misses! The yeti claws you! The yeti bites! The yeti claws you! (2x) You die... Final status: Goodbye woodfighter the Rogue, killed by a yeti... You died in The Dungeons of Doom on dungeon level 8 with 8286 points, and 28 pieces of gold, after 3646 moves. You were level 6 with a maximum of 50 hit points when you died.